 Dungeon Crawl Stone Soup version 0.28.0-53-g5a82cb258f (webtiles) character file.

Game seed: 6931696873917623396

16594 raph the Carver (level 12, -8/103 HPs)
             Began as a Minotaur Fighter on June 5, 2022.
             Was a Follower of Yredelemnul.
             Mangled by a meliai simulacrum (19 damage)
             ... on level 11 of the Dungeon.
             The game lasted 00:21:03 (14933 turns).

raph the Carver (Minotaur Fighter)                 Turns: 14933, Time: 00:21:03

Health: -8/103     AC: 24    Str: 22    XL:     12   Next: 11%
Magic:  16/16      EV:  7    Int:  5    God:    Yredelemnul [*.....]
Gold:   844        SH: 22    Dex: 14    Spells: 11/11 levels left

rFire   . . .      SeeInvis +   a - +1 long sword (vamp)
rCold   . . .      Faith    .   g - +1 tower shield
rNeg    + . .      Spirit   .   N - +1 plate armour {rN+}
rPois   .          Reflect  +   Q - +2 hat
rElec   .          Harm     .   H - +1 cloak
rCorr   .          Rampage  .   k - +2 pair of gloves
Will    .....                   D - +0 pair of boots
Stlth   ..........              f - amulet of reflection
HPRegen 0.27/turn               j - +4 ring of slaying
MPRegen 0.15/turn               M - ring of see invisible

@: very slow
A: horns 2, retaliatory headbutt
a: Renounce Religion, Recall Undead Harvest


You were on level 11 of the Dungeon.
You worshipped Yredelemnul.
Yredelemnul was noncommittal.
You visited 2 branches of the dungeon, and saw 12 of its levels.
You also visited: Bailey.

You collected 1099 gold pieces.
You spent 255 gold pieces at shops.

Inventory:

Hand Weapons
 a - a +1 vampiric long sword (weapon)
 b - a +0 hunting sling
 A - a +6 flail of protection
 F - a +3 long sword of holy wrath
Missiles
 o - 267 stones
 u - 5 boomerangs (quivered)
 B - 2 poisoned darts
 G - 95 sling bullets
Armour
 g - a +1 tower shield (worn)
 k - a +2 pair of gloves (worn)
 z - a scarf of resistance
 D - a +0 pair of boots (worn)
 H - a +1 cloak (worn)
 K - a +0 pair of gloves
 N - a +1 plate armour of positive energy (worn)
 Q - a +2 hat (worn)
Jewellery
 c - a ring of willpower
 f - an amulet of reflection (around neck)
 i - a ring of protection from cold
 j - a +4 ring of slaying (left hand)
 M - a ring of see invisible (right hand)
Wands
 r - a wand of paralysis (8)
 O - a wand of flame (9)
Scrolls
 h - 2 scrolls of fog
 p - 3 scrolls of amnesia
 w - 4 scrolls of blinking
 y - 5 scrolls of teleportation
 E - 2 scrolls of summoning
Potions
 d - 2 potions of lignification
 e - 2 potions of brilliance
 l - a potion of cancellation
 m - a potion of haste
 n - 2 potions of invisibility
 q - 3 potions of heal wounds
 s - a potion of mutation
 t - a potion of ambrosia
 v - a potion of magic
 x - a potion of degeneration {unknown}
 C - a potion of attraction {unknown}
 I - 2 potions of curing
 J - a potion of berserk rage {unknown}
 L - a potion of flight {unknown}
 P - a potion of resistance {unknown}


   Skills:
 + Level 8.9 Fighting
 - Level 14.0 Long Blades
 - Level 3.1 Slings
 + Level 9.0 Armour
 + Level 7.3 Dodging
 * Level 10.8 Shields
 + Level 6.7 Invocations


You had 11 spell levels left.
You didn't know any spells.
Your spell library contained the following spells:

 Spells                   Type           Power      Damage    Failure   Level
 Foxfire                  Conj/Fire      0%         2x1d4     100%        1
 Sting                    Tmut/Pois      0%         1d3       100%        1
 Summon Small Mammal      Summ           0%         N/A       100%        1
 Poisonous Vapours        Pois/Air       0%         N/A       100%        2
 Sublimation of Blood     Necr           0%         N/A       100%        2
 Call Canine Familiar     Summ           0%         N/A       100%        3
 Conjure Flame            Conj/Fire      0%         6-21      100%        3
 Dazzling Flash           Conj/Hex       0%         N/A       100%        3
 Gell's Gravitas          Tloc           0%         N/A       100%        3
 Inner Flame              Hex/Fire       0%         N/A       100%        3
 Lesser Beckoning         Tloc           0%         N/A       100%        3
 Summon Guardian Golem    Hex/Summ       0%         N/A       100%        3
 Teleport Other           Tloc           0%         N/A       100%        3
 Flame Wave               Conj/Fire      0%         2d4       100%        4
 Iskenderun's Mystic Bla  Conj/Tloc      0%         2d3       100%        4
 Olgreb's Toxic Radiance  Pois           0%         N/A       100%        4
 Petrify                  Tmut/Erth      0%         N/A       100%        4
 Irradiate                Conj/Tmut      0%         3d13      100%        5
 Starburst                Conj/Fire      0%         6d3       100%        6


Dungeon Overview and Level Annotations

Branches:
Dungeon (11/15)            Temple (1/1) D:6            Lair (0/6) D:11
    Orc (0/2) D:10         Bailey (visited)

Altars:
Ashenzari
Cheibriados
Dithmenos
Elyvilon
Fedhas
Gozag
Hepliaklqana
Kikubaaqudgha
Makhleb
Nemelex Xobeh
Okawaru
Qazlal
Ru
Sif Muna
Trog
Uskayaw
Vehumet
Wu Jian
Xom
Yredelemnul
Zin
The Shining One

Shops:
D:2 [   D:5 :   D:6 *


Innate Abilities, Weirdness & Mutations

You have a pair of horns on your head.
You reflexively headbutt those who attack you in melee.


Message History

You block the meliai simulacrum's attack.
You block the orc's attack.
Your spectral white imp hits the meliai simulacrum.
You block the orc priest's attack.
You block the meliai simulacrum's attack.
The meliai simulacrum hits you.
* * * LOW HITPOINT WARNING * * *
The meliai simulacrum freezes you!!
* * * LOW HITPOINT WARNING * * *
You feel much better. The meliai simulacrum hits you.
* * * LOW HITPOINT WARNING * * *
The meliai simulacrum freezes you!
* * * LOW HITPOINT WARNING * * *
You block the meliai simulacrum's attack.
You block the orc's attack.
Your orc wizard zombie splashes around in the water.
Your spectral white imp hits the meliai simulacrum.
The orc priest hits you but does no damage.
You hit the orc. You headbutt the orc.
You kill the orc!
A black mist starts to gather...
You block the meliai simulacrum's attack. x2
The meliai simulacrum hits you but does no damage. x2
Your spectral white imp hits the meliai simulacrum.
Your orc wizard zombie hits the meliai simulacrum.
The orc priest hits you from afar with a +0 trident.
* * * LOW HITPOINT WARNING * * *
Your unstable footing causes you to fumble your attack.
You block the meliai simulacrum's attack. x3
The meliai simulacrum hits you but does no damage.
Your spectral white imp hits the meliai simulacrum.
Your orc wizard zombie splashes around in the water.
You block the orc priest's attack.
Your unstable footing causes you to fumble your attack.
You block the meliai simulacrum's attack.
The meliai simulacrum hits you.
* * * LOW HITPOINT WARNING * * *
The meliai simulacrum freezes you!!
You die...
Your body rises from the dead as a mindless zombie.

## #####
#...#####...#
#...........#
#....≈.....$####
#...≈≈≈≈.....?.#
#...≈≈≈≈≈......#
.#...≈≈Z≈≈≈.....#
.....ZZZ≈≈......#
. #..≈o)@≈.......#
....≈.))≈.......#
................##
#....Z.###.......#
###$#.##########.#
# #.#.
#.....###.## .# #
.. #####.#....#
.#.#. ###
#....Z#.####. .#..
#.#........#.##


You could see an orc priest, a meliai simulacrum (ally target), a friendly
spectral white imp, a friendly orc zombie, a friendly orc wizard zombie and a
friendly electric eel zombie.

Vanquished Creatures
  A two-headed ogre (D:9)
  Urug (D:10)
  Nergalle (D:10)
  An orc knight (Bailey)
  Joseph (D:10)
  2 kobold demonologists (Bailey)
  A komodo dragon (D:11)
  3 trolls (D:11)
  4 polar bears
  21 yaks
  A wyvern (D:7)
  A steam dragon (D:8)
  Edmund (D:6)
  A water moccasin (D:6)
  21 orc warriors
  A sky beast (D:5)
  2 black bears
  An ogre (D:7)
  A necrophage (D:7)
  6 centaurs
  2 wolves (D:10)
  A phantom (D:6)
  2 bullfrogs
  Blork the orc (D:5)
  5 scorpions
  A wyvern skeleton (D:6)
  3 killer bees (D:9)
  6 electric eels
  5 howler monkeys
  2 centaur zombies
  4 hounds
  A jelly (D:7)
  2 bullfrog zombies
  5 bullfrog skeletons
  11 orc priests
  Crazy Yiuf (D:6)
  A gnoll shaman (D:8)
  3 iguanas (D:6)
  15 orc wizards
  2 centaur simulacra
  A howler monkey zombie (D:8)
  14 gnolls
  7 adders
  2 shadow imps
  6 white imps
  2 ufetubi
  4 dart slugs
  62 orcs
  4 bats (D:3)
  3 endoplasms
  17 goblins
  9 hobgoblins
  A jackal (D:1)
  4 kobolds
  4 ball pythons
  3 frilled lizards
  8 rats
296 creatures vanquished.

Vanquished Creatures (collateral kills)
  A two-headed ogre (D:10)
  Prince Ribbit (D:7)
  4 yaks
  2 orc warriors
  An ice beast (D:10)
  A black bear (D:7)
  An ogre (D:7)
  A wolf (D:10)
  A bullfrog (D:11)
  A killer bee (D:9)
  2 electric eels (D:10)
  3 orc priests
  2 white imps
  5 orcs
  2 goblins
28 creatures vanquished.

Vanquished Creatures (others)
  A two-headed ogre zombie (D:10)
  9 yak zombies (D:10)
  A spectral ice beast (D:10)
  2 wolf zombies (D:10)
  2 centaur zombies (D:10)
  A human zombie (D:10)
  A scorpion zombie (D:11)
  2 howler monkey zombies (D:10)
  A spectral white imp (D:10)
  4 gnoll zombies
  A goblin (Bailey)
  2 goblin zombies (Bailey)
  4 hobgoblin zombies (Bailey)
  32 orc zombies
  A spectral ufetubus (D:6)
  4 fungi (D:11)
  11 plants (D:11)
79 creatures vanquished.

Grand Total: 403 creatures vanquished

Notes
Turn   | Place    | Note
-------+----------+-------------------------------------------
     0 | D:1      | raph the Minotaur Fighter began the quest for the Orb.
     0 | D:1      | Reached XP level 1. HP: 19/19 MP: 0/0
   183 | D:1      | Reached skill level 3 in Long Blades
   227 | D:1      | Reached XP level 2. HP: 26/26 MP: 1/1
   767 | D:2      | Found a faded altar of an unknown god.
   806 | D:2      | Reached skill level 4 in Long Blades
   873 | D:2      | Found Gisot's Antique Armour Shop.
   948 | D:2      | Reached XP level 3. HP: 9/31 MP: 2/2
  1892 | D:3      | Identified the +2 quarterstaff of Waosch {antimagic, rElec
                  | Int+9}
  2156 | D:3      | Reached skill level 5 in Long Blades
  2437 | D:3      | Reached XP level 4. HP: 39/39 MP: 3/3
  2894 | D:4      | Reached skill level 6 in Long Blades
  2894 | D:4      | Reached XP level 5. HP: 39/45 MP: 4/4
  3156 | D:4      | Found a glowing golden altar of the Shining One.
  3183 | D:4      | You fall into a shaft and drop 3 floors!
  3190 | D:6      | Noticed Edmund
  3190 | D:6      | Noticed a water moccasin
  3194 | D:6      | Reached skill level 7 in Long Blades
  3439 | D:6      | Found a staircase to the Ecumenical Temple.
  3448 | Temple   | Entered the Ecumenical Temple
  3631 | Temple   | Became a worshipper of Yredelemnul the Dark
  3753 | D:6      | Killed a water moccasin
  3754 | D:6      | Reached skill level 8 in Long Blades
  3754 | D:6      | Reached XP level 6. HP: 9/51 MP: 5/5
  3819 | D:5      | Entered Level 5 of the Dungeon
  4019 | D:5      | Noticed a sky beast
  4026 | D:5      | Killed a sky beast
  4027 | D:5      | Reached skill level 9 in Long Blades
  4028 | D:5      | Found a sacrificial altar of Ru.
  4188 | D:5      | Reached XP level 7. HP: 46/57 MP: 6/6
  4448 | D:5      | Reached skill level 10 in Long Blades
  4453 | D:5      | Found Cogud's Book Emporium.
  4732 | D:4      | Reached * piety under Yredelemnul
  5162 | D:5      | Found a blossoming altar of Fedhas.
  5444 | D:6      | Noticed Blork the orc
  5458 | D:5      | Killed Blork the orc
  5459 | D:5      | Reached skill level 11 in Long Blades
  5549 | D:5      | Reached XP level 8. HP: 64/64 MP: 7/7
  6080 | D:6      | Killed Edmund
  6081 | D:6      | Reached skill level 12 in Long Blades
  6348 | D:2      | Bought a pair of boots for 117 gold pieces
  6553 | D:6      | Found Feumn's General Store.
  6559 | D:6      | Bought a potion of haste for 120 gold pieces
  6559 | D:6      | Bought a +0 hunting sling for 18 gold pieces
  6814 | D:6      | Found a runed translucent door.
  6815 | D:6      | Noticed Crazy Yiuf
  6832 | D:6      | Killed Crazy Yiuf
  7007 | D:7      | Reached skill level 13 in Long Blades
  7368 | D:7      | Reached skill level 14 in Long Blades
  7368 | D:7      | Reached XP level 9. HP: 71/71 MP: 8/8
  7504 | D:7      | Noticed Prince Ribbit
  7515 | D:7      | Reached skill level 1 in Slings
  7515 | D:7      | Reached skill level 1 in Dodging
  7515 | D:7      | Reached skill level 1 in Invocations
  7522 | D:7      | Reached ** piety under Yredelemnul
  7533 | D:7      | Reached *** piety under Yredelemnul
  7534 | D:7      | Killed Prince Ribbit
  7535 | D:7      | Reached **** piety under Yredelemnul
  7594 | D:7      | Found an ornate altar of the Wu Jian Council.
  8181 | D:8      | Reached skill level 5 in Armour
  8181 | D:8      | Reached skill level 5 in Shields
  8201 | D:8      | Reached skill level 5 in Fighting
  8654 | D:8      | Found an iron altar of Okawaru.
  8985 | D:9      | Noticed a two-headed ogre
  8991 | D:9      | Killed a two-headed ogre
  8992 | D:9      | Reached XP level 10. HP: 64/81 MP: 11/11
  9167 | D:9      | Found a flagged portal.
  9191 | Bailey   | Entered a bailey
 10204 | Bailey   | Noticed an orc knight
 10219 | Bailey   | Killed an orc knight
 10357 | Bailey   | Acquired 476 gold pieces
 10438 | Bailey   | Found an iron altar of Okawaru.
 10461 | Bailey   | Reached skill level 5 in Dodging
 11100 | D:9      | Found a glowing silver altar of Zin.
 11736 | D:9      | Reached skill level 5 in Invocations
 11857 | D:10     | Entered Level 10 of the Dungeon
 11891 | D:10     | Reached XP level 11. HP: 82/92 MP: 13/13
 12117 | D:10     | Noticed Joseph
 12123 | D:10     | Reached ***** piety under Yredelemnul
 12130 | D:10     | Noticed a two-headed ogre
 12132 | D:10     | Killed Joseph
 12135 | D:10     | Killed a two-headed ogre
 12136 | D:10     | Reached ****** piety under Yredelemnul
 12433 | D:10     | Noticed Nergalle
 12450 | D:10     | Noticed a spectral orc warlord
 12474 | D:10     | Killed Nergalle
 12570 | D:10     | Found a staircase to the Orcish Mines.
 12633 | D:10     | Your ally Joseph died
 12670 | D:10     | Reached skill level 10 in Shields
 13301 | D:11     | Noticed Urug
 13599 | D:10     | Killed Urug
 14526 | D:11     | Reached XP level 12. HP: 99/103 MP: 15/15
 14553 | D:11     | Found a staircase to the Lair.
 14933 | D:11     | Mangled by a meliai simulacrum

Illustrated notes

Levels and vault maps discovered:
D:1:      nicolae_arrival_somewhat_less_tricky_arrival, layout_loops_cross,
          hangedman_decor_lopped, minmay_tetromino_s4
D:2:      layout_basic, serial_shops, nicolae_lakefront_shop,
          dreamdust_ecumenical_altar_statues
D:3:      layout_loops_ring
D:4:      layout_loops_ring, mainiacjoe_overflow_boulevard
D:5:      layout_basic, mainiacjoe_overflow_chevrons, fedhas_altar_fruit_tree,
          serial_shops, nicolae_shop_stone, corner_web_ring, minmay_puff
D:6:      layout_rooms, minmay_temple_entry_poolview, serial_shops,
          kennysheep_little_box, uniq_edmund, uniq_blork_the_orc,
          uniq_crazy_yiuf_cottage
D:7:      layout_rooms, mainiacjoe_overflow_brackets, uniq_prince_ribbit1
D:8:      layout_basic, okawaru_ov_weapons_minmay, hex_medium,
          minmay_misc_feat_ornament, lemuel_another_geyser
D:9:      layout_roguey, zin_statuary, special_room [special_room_orc],
          serial_aquarium, aquarium_bridge_straight [aquarium_subvault_bridge,
          aquarium_subvault_balcony, aquarium_subvault_bridge,
          aquarium_subvault_wall], aquarium_window_1, aquarium_window_fake,
          aquarium_window_corner, aquarium_window_1, aquarium_view_2c,
          enter_bailey_3
D:10:     wad_crossroads, layout_basic, david_orc_4, serial_ice, serial_ice_n,
          serial_ice_h, serial_ice_b, serial_ice_k, hangedman_decor_push,
          minivault_21, uniq_joseph, uniq_nergalle
D:11:     layout_basic, grunt_lair_entry_orc_guard_hut, serial_ice,
          serial_ice_e, serial_ice_a, serial_ice_j, serial_ice_c, serial_ice_f,
          serial_ice_g, kennysheep_donut, uniq_urug
Temple:   nicolae_temple_elliptical

Skill      XL: |  1  2  3  4  5  6  7  8  9 10 11 12 |
---------------+-------------------------------------+-----
Long Blades    | 3 4 5 6 8 9 11 14 | 14.0
Fighting       | 5 7 8 |  8.9
Slings         | 3 |  3.1
Armour         | 5 7 8 9 |  9.0
Dodging        | 3 5 7 |  7.3
Invocations    | 3 5 6 |  6.7
Shields        | 5 7 10 | 10.8

Action                   |  1- 3 |  4- 6 |  7- 9 | 10-12 || total
-------------------------+-------+-------+-------+-------++-------
Melee: Long sword        |    95 |    75 |   247 |   525 ||   942
       Headbutt          |    11 |    10 |    49 |   130 ||   200
 Fire: Hunting sling     |       |       |     2 |    14 ||    16
Throw: Stone             |     3 |     3 |     3 |       ||     9
       Dart              |       |       |     3 |       ||     3
       Boomerang         |       |       |     2 |       ||     2
Invok: Recall Undead Har |       |       |       |     3 ||     3
       Dark Bargain      |       |       |       |     4 ||     4
  Use: Scroll            |     3 |     5 |     8 |     7 ||    23
       Potion            |       |     4 |       |     4 ||     8
 Stab: Invisible         |       |       |     1 |       ||     1
       Distracted        |       |       |       |     3 ||     3
Armor: Scale mail        |     9 |       |       |       ||     9
       Chain mail        |    46 |    28 |    84 |    22 ||   180
       Plate armour      |       |       |       |   211 ||   211
Dodge: Dodged            |    28 |    28 |    62 |    88 ||   206
Block: Buckler           |    20 |    13 |   114 |    44 ||   191
       Reflection        |       |       |     1 |    17 ||    18
       Tower shield      |       |       |       |   514 ||   514
